AoeStats
← Faze_Plo

Arabia

505162552Analyzed
1v1 RM · 22d ago on Sep 8, 2026· 59m 25s· 2 players
Game mode
Random Map
Map size
Tiny (2 player)
Population
200
Speed
Normal
Resources
Standard
Victory
Conquest
Starting age
Dark Age
Ending age
Imperial Age
RankedLock teamsTeams togetherTeam positionsShared explorationLock speedFull tech treeHidden civsTurbo modeCheats
Victory
Defeat
🇺🇸 Maya · United States
956
+14
🇲🇽 Britons · Mexico
903
-14
Diegohormiga05
12:05 Feudal Age
14:38 Double-Bit Axe
22:14 Castle Age
20:42 Fletching
23:24 Bodkin Arrow
23:14 Horse Collar
26:40 Padded Archer Armor
30:06 Ballistics
29:52 Man-at-Arms
30:47 Scale Mail Armor
37:52 Imperial Age
35:22 Long Swordsman
39:24 Warwolf
43:44 Fortified Wall
43:53 Chain Mail Armor
45:24 Chemistry
45:06 Forging
45:35 Wheelbarrow
46:47 Gold Mining
47:28 Bracer
48:18 Bow Saw
47:47 Two-Handed Swordsman
48:14 Gambesons
48:30 Squires
50:59 Conscription
52:55 Hand Cart
53:42 Two-Man Saw
52:45 Heavy Plow
53:31 Gold Shaft Mining
52:48 Town Watch
53:59 Plate Mail Armor
53:45 Leather Archer Armor
59:09 Yeomen
Faze_Plo
0:27 Loom
10:07 Feudal Age
15:09 Fletching
20:47 Castle Age
18:33 Horse Collar
19:36 Double-Bit Axe
20:50 Crossbowman
21:36 Thumb Ring
22:21 Bodkin Arrow
25:03 Eagle Warrior
25:58 Forging
25:49 Scale Mail Armor
29:01 Wheelbarrow
28:11 Town Watch
29:48 Padded Archer Armor
30:24 Ballistics
31:34 Leather Archer Armor
34:05 Hand Cart
35:26 Chain Mail Armor
37:43 Town Patrol
38:26 Iron Casting
40:03 Pikeman
40:44 Squires
44:24 Imperial Age
45:43 Bow Saw
46:32 Conscription
45:33 Elite Plumed Archer
46:15 Hul'che Javelineers
45:39 Elite Skirmisher
47:51 Bracer
48:21 Ring Archer Armor
Connection lost

Rejoining the realm…

Still unreachable

The connection could not be restored.

Session expired

The server has moved on; the page needs a fresh start.